[Event "Titled Tuesday Blitz May 03 Early 2022"]
[White "Gu, Xiaobing"]
[Black "Plotnikov, Pavel"]
[WhiteFideId "8602611"]
[BlackFideId "4170342"]
[WhiteElo "2174"]
[BlackElo "2298"]
[Result "0-1"]
[Round "02"]
[TimeControl "180+1"]
[Date "2022.05.03"]
[WhiteClock "0:01:47"]
[BlackClock "0:01:19"]

1. e4 e5 2. Nf3 Nc6 3. Bc4 Nf6 4. O-O Nxe4 5. d4 d5 6. Bb5 exd4 7. Nxd4 Bd7 8. c4 Bc5 9. Nb3 dxc4 10. Bxc4 O-O 11. Qd5 Bxf2+ 12. Rxf2 Nxf2 13. Kxf2 Qh4+ 14. Kg1 Be6 0-1


[Site "https://www.chess.com"]

[Event "Titled Tuesday Blitz May 03 Early 2022"]
[White "Gurevich, Dmitry"]
[Black "Pasti, Aron"]
[WhiteFideId "2000407"]
[BlackFideId "785857"]
[WhiteElo "2506"]
[BlackElo "2133"]
[Result "0-1"]
[Round "02"]
[TimeControl "180+1"]
[Date "2022.05.03"]
[WhiteClock "0:00:11"]
[BlackClock "0:00:22"]

1. d4 d5 2. c4 e6 3. Nc3 Nf6 4. Nf3 dxc4 5. Qa4+ c6 6. Qxc4 b5 7. Qb3 Nbd7 8. Bg5 Bb7 9. e3 a6 10. a4 b4 11. Ne4 Qb6 12. Bxf6 gxf6 13. a5 Qc7 14. Bd3 f5 15. Ned2 c5 16. O-O cxd4 17. exd4 Bg7 18. Rfc1 Qd6 19. Nc4 Qe7 20. Be2 O-O 21. Ra4 Rac8 22. Qxb4 Qxb4 23. Rxb4 Bxf3 24. gxf3 Bxd4 25. Rd1 Bc5 26. Rb7 Nf6 27. Nd6 Rcd8 28. Nc4 Rxd1+ 29. Bxd1 Rd8 30. Be2 Nh5 31. Ne3 Nf4 32. Bxa6 Ra8 33. Rb5 Nd3 34. Rb3 Nxf2 35. Kxf2 f4 36. Bd3 Bxe3+ 37. Ke2 Rxa5 38. Be4 Rh5 39. Rb7 Rxh2+ 40. Kd3 Rd2+ 41. Kc3 h5 42. Bc6 Rd8 43. Rb5 Rc8 0-1


[Site "https://www.chess.com"]

[Event "Titled Tuesday Blitz May 03 Early 2022"]
[White "Halvax, Georg"]
[Black "Bacrot, Etienne"]
[WhiteFideId "1619543"]
[BlackFideId "605506"]
[WhiteElo "2403"]
[BlackElo "2673"]
[Result "0-1"]
[Round "02"]
[TimeControl "180+1"]
[Date "2022.05.03"]
[WhiteClock "0:01:37"]
[BlackClock "0:01:14"]

1. d4 d5 2. c4 e6 3. Nf3 Nf6 4. e3 Be7 5. a3 O-O 6. Nbd2 b6 7. Be2 Bb7 8. O-O Nbd7 9. b4 c5 10. bxc5 bxc5 11. Bb2 cxd4 12. Nxd4 Rb8 13. Rb1 Nc5 14. cxd5 Nxd5 15. Bf3 Qd7 16. Nc4 Bf6 17. Ba1 Ba6 18. Qc2 Qa4 19. Qxa4 Nxa4 20. Rxb8 Rxb8 21. Rc1 Bxc4 22. Nc6 Rb6 23. Na5 Ba6 0-1


[Site "https://www.chess.com"]

[Event "Titled Tuesday Blitz May 03 Early 2022"]
[White "Hamley, Ryan"]
[Black "Gatterer, Florian"]
[WhiteFideId "30959497"]
[BlackFideId "811688"]
[WhiteElo "2495"]
[BlackElo "2218"]
[Result "0-1"]
[Round "02"]
[TimeControl "180+1"]
[Date "2022.05.03"]
[WhiteClock "0:00:01"]
[BlackClock "0:00:22"]

1. Nf3 Nf6 2. b3 g6 3. Bb2 Bg7 4. e3 O-O 5. d4 c5 6. Nbd2 cxd4 7. Nxd4 d5 8. N2f3 Nc6 9. Be2 Re8 10. Nxc6 bxc6 11. Ne5 Qc7 12. O-O Ne4 13. f4 a5 14. a4 Ba6 15. Bxa6 Rxa6 16. Qe2 Raa8 17. Rad1 Bf6 18. g3 Bg7 19. Kg2 e6 20. h3 Qb7 21. h4 h5 22. Rb1 Bxe5 23. Bxe5 f6 24. Ba1 c5 25. Kh2 f5 26. Be5 Kf7 27. Rfd1 Re7 28. c4 Rd8 29. Qe1 Red7 30. cxd5 Rxd5 31. Rxd5 Rxd5 32. Rb2 Qb4 33. Qxb4 cxb4 34. Rc2 Rd2+ 35. Rxd2 Nxd2 36. Kg2 Nxb3 37. Kf2 Nc5 38. Ke2 b3 39. Kd2 Nxa4 40. Bc7 Nc5 41. Bxa5 Ne4+ 42. Kd3 Nxg3 43. Kc3 Nf1 44. Bb6 Nh2 45. Kxb3 Nf3 46. Bd8 Ke8 47. Bf6 Kd7 48. Kc4 Kc6 49. Be7 Kd7 50. Bf6 Kd6 0-1


[Site "https://www.chess.com"]

[Event "Titled Tuesday Blitz May 03 Early 2022"]
[White "Hansch, Karsten"]
[Black "Terry, Renato"]
[WhiteFideId "24692239"]
[BlackFideId "3803457"]
[WhiteElo "2358"]
[BlackElo "2577"]
[Result "0-1"]
[Round "02"]
[TimeControl "180+1"]
[Date "2022.05.03"]
[WhiteClock "0:01:47"]
[BlackClock "0:00:52"]

1. e4 e6 2. d4 d5 3. e5 c5 4. c3 Qb6 5. Nf3 Bd7 6. Be2 cxd4 7. cxd4 Bb5 8. Nc3 Bxe2 9. Nxe2 Bb4+ 10. Bd2 Nc6 11. O-O Bxd2 12. Qxd2 Nge7 13. a3 Na5 14. b4 Nb3 15. Qg5 Nxa1 16. Qxg7 Rg8 17. Qxh7 Qa6 18. Nf4 Nb3 19. Nh5 O-O-O 20. Qxf7 Nf5 21. Nf4 Nfxd4 22. Nxd4 Nxd4 23. Rc1+ Kb8 24. h4 Qb6 25. a4 Rdf8 26. Qh7 Rh8 27. Qg7 Qd8 28. Ng6 Ne2+ 29. Kf1 Nxc1 0-1


[Site "https://www.chess.com"]

[Event "Titled Tuesday Blitz May 03 Early 2022"]
[White "Hansen, Eric"]
[Black "Ciorgovean, Iustin"]
[WhiteFideId "2606771"]
[BlackFideId "1242911"]
[WhiteElo "2568"]
[BlackElo "2075"]
[Result "1-0"]
[Round "02"]
[TimeControl "180+1"]
[Date "2022.05.03"]
[WhiteClock "0:01:28"]
[BlackClock "0:00:27"]

1. e4 e6 2. d4 d5 3. Nd2 c5 4. Ngf3 cxd4 5. Nxd4 Nf6 6. exd5 Nxd5 7. Bb5+ Bd7 8. O-O a6 9. Bxd7+ Nxd7 10. N2f3 Rc8 11. Re1 Be7 12. Nf5 O-O 13. Nxe7+ Nxe7 14. c3 Qc7 15. Bg5 Ng6 16. h4 h6 17. h5 Nh8 18. Bh4 Rfe8 19. Qe2 f6 20. Rad1 Nf7 21. Nd4 e5 22. Nf5 Nc5 23. Qg4 Ng5 24. Nd6 Rcd8 25. Nxe8 Rxe8 26. Bxg5 hxg5 27. Qc4+ Kh7 28. b4 Ne6 29. Qxc7 Nxc7 30. Rd7 Rc8 31. c4 Kh6 32. c5 a5 33. a3 g4 34. g3 1-0


[Site "https://www.chess.com"]

[Event "Titled Tuesday Blitz May 03 Early 2022"]
[White "Dronavalli, Harika"]
[Black "Hakobyan, Aram"]
[WhiteFideId "5015197"]
[BlackFideId "13306677"]
[WhiteElo "2382"]
[BlackElo "2557"]
[Result "0-1"]
[Round "02"]
[TimeControl "180+1"]
[Date "2022.05.03"]
[WhiteClock "0:00:42"]
[BlackClock "0:01:39"]

1. e4 c5 2. c3 e5 3. Nf3 Nc6 4. Bb5 Nf6 5. d3 Bd6 6. O-O O-O 7. a4 a6 8. Bc4 Be7 9. Bg5 d6 10. Na3 h6 11. Bxf6 Bxf6 12. Nc2 g6 13. Ne3 Bg7 14. Bd5 Kh7 15. Nd2 f5 16. exf5 gxf5 17. f4 Ne7 18. Qf3 Ng6 19. fxe5 dxe5 20. Bc4 e4 21. Qe2 f4 22. Nd5 e3 23. Ne4 Be6 24. Nxe3 fxe3 25. Bxe6 Nf4 26. Rxf4 Rxf4 27. Qxe3 Rf8 28. Nxc5 Qb6 29. d4 Qxb2 30. Qd3+ Kh8 31. Rb1 Qf2+ 32. Kh1 Rae8 33. h3 b6 34. Rxb6 Qe1+ 35. Kh2 Rf1 0-1


[Site "https://www.chess.com"]

[Event "Titled Tuesday Blitz May 03 Early 2022"]
[White "Harish, Neeraj"]
[Black "Petrovic, Aleksa"]
[WhiteFideId "30958130"]
[BlackFideId "967629"]
[WhiteElo "1574"]
[BlackElo "2198"]
[Result "0-1"]
[Round "02"]
[TimeControl "180+1"]
[Date "2022.05.03"]
[WhiteClock "0:01:36"]
[BlackClock "0:02:24"]

1. c4 Nf6 2. Nf3 c5 3. Nc3 Nc6 4. d4 cxd4 5. Nxd4 e6 6. e4 Bb4 7. Nxc6 bxc6 8. e5 Ne4 9. Bd2 Bxc3 10. Bxc3 Nxc3 11. bxc3 Qa5 12. Qd2 Qxe5+ 13. Be2 d5 14. cxd5 Ba6 15. O-O Qxe2 0-1


[Site "https://www.chess.com"]

[Event "Titled Tuesday Blitz May 03 Early 2022"]
[White "Harshavardhan G B"]
[Black "Bas Mas, Jose Joaquin"]
[WhiteFideId "25059009"]
[BlackFideId "22219064"]
[WhiteElo "1831"]
[BlackElo "2212"]
[Result "0-1"]
[Round "02"]
[TimeControl "180+1"]
[Date "2022.05.03"]
[WhiteClock "0:00:02"]
[BlackClock "0:00:35"]

1. e4 c5 2. Nf3 e6 3. d4 cxd4 4. Nxd4 a6 5. c4 Qc7 6. Nc3 Nf6 7. a3 d6 8. Be3 Be7 9. f3 O-O 10. Bd3 b6 11. O-O Bb7 12. Rc1 Nbd7 13. b4 Rac8 14. Be2 Qb8 15. Kh1 Rfe8 16. Nb3 Bf8 17. Na4 d5 18. Bxb6 dxe4 19. Bg1 Rcd8 20. Qe1 exf3 21. Bxf3 Bxf3 22. Rxf3 Ne5 23. Rf1 Nd3 24. Qc3 Nxc1 25. Qxc1 Qe5 26. Nbc5 Bxc5 27. Nxc5 Ng4 28. Nxa6 Rd3 29. Nc5 Rc3 30. Qa1 Rd8 31. h3 Ne3 32. Re1 Nc2 33. Rxe5 Nxa1 34. Nb7 Rd1 35. Rc5 h5 36. Kh2 Nb3 37. Rc8+ Kh7 38. Ba7 Nd2 39. g4 h4 40. Bf2 Nf3+ 41. Kg2 Rd2 42. Rd8 Re2 43. Nd6 Ng5 44. Kf1 Ra2 45. Nb5 Rc1+ 46. Be1 Raa1 47. Kf2 Rxe1 0-1


[Site "https://www.chess.com"]

[Event "Titled Tuesday Blitz May 03 Early 2022"]
[White "Heinemann, Josefine"]
[Black "Aradhya, Garg"]
[WhiteFideId "12900460"]
[BlackFideId "25006746"]
[WhiteElo "2300"]
[BlackElo "2169"]
[Result "1/2-1/2"]
[Round "02"]
[TimeControl "180+1"]
[Date "2022.05.03"]
[WhiteClock "0:00:07"]
[BlackClock "0:00:12"]

1. Nf3 d5 2. g3 Nc6 3. d4 Bf5 4. Bg2 e6 5. O-O Be7 6. a3 Nf6 7. c4 O-O 8. Nc3 dxc4 9. Bg5 h6 10. Bxf6 Bxf6 11. e4 Bg4 12. e5 Be7 13. Ne4 Bxf3 14. Qxf3 Qxd4 15. Rfd1 Qxe5 16. Re1 Qxb2 17. Rab1 Qxa3 18. Rxb7 Qxf3 19. Bxf3 Nd4 20. Bg2 Rfc8 21. Rd1 e5 22. f4 Rab8 23. Rxb8 Rxb8 24. fxe5 c5 25. Kf1 Rb2 26. Rc1 a5 27. Rxc4 Rb4 28. Rc1 c4 29. Nd6 Bxd6 30. exd6 Rb6 31. d7 Rd6 32. Rxc4 Rxd7 33. Rc8+ Kh7 34. Ra8 Nb3 35. Be4+ g6 36. Bc2 Nd4 37. Be4 Re7 38. Bd3 Re5 39. Bc4 Kg7 40. Ra7 Rf5+ 41. Kg2 Nc6 42. Rc7 Ne5 43. Bd5 Nd3 44. Bb3 Ne1+ 45. Kg1 Nf3+ 46. Kg2 Ne1+ 47. Kg1 Rf6 48. Re7 Nf3+ 49. Kg2 Nd2 50. Bd5 Rf5 51. Ba2 a4 52. Ra7 Nb3 53. Rxa4 Nc1 54. Bc4 Rc5 55. Rb4 f5 56. Kf3 Kf6 57. Ke3 Ra5 58. Kd2 Na2 59. Rb6+ Kg5 60. h4+ Kg4 61. Rxg6+ Kh3 62. Rxh6 Kxg3 63. h5 Nb4 64. Rh8 f4 65. h6 Rh5 66. h7 Kf2 67. Rf8 Rxh7 68. Rxf4+ Kg3 69. Rf8 Rd7+ 70. Kc3 Nd5+ 71. Bxd5 Rxd5 72. Rc8 Rg5 73. Rc4 Rg6 74. Rd4 Kf3 75. Rd3+ Ke4 76. Rd4+ Ke5 77. Rc4 Rd6 78. Rb4 Ke6 79. Rc4 Kd7 80. Rd4 Kc6 81. Rxd6+ Kxd6 1/2-1/2


[Site "https://www.chess.com"]

[Event "Titled Tuesday Blitz May 03 Early 2022"]
[White "Hoffmann, Asa"]
[Black "Dang, Hoang Son"]
[WhiteFideId "2001470"]
[BlackFideId "12402435"]
[WhiteElo "2117"]
[BlackElo "2252"]
[Result "0-1"]
[Round "02"]
[TimeControl "180+1"]
[Date "2022.05.03"]
[WhiteClock "0:00:29"]
[BlackClock "0:00:05"]

1. d4 Nf6 2. Bg5 c5 3. d5 Qb6 4. Nc3 d6 5. e4 g6 6. Qc1 Bg7 7. Nf3 O-O 8. Be2 e6 9. O-O Re8 10. a4 a6 11. a5 Qc7 12. Qf4 Nh5 13. Qh4 Bxc3 14. bxc3 exd5 15. Nd2 Ng7 16. Bf6 Nd7 17. Bg5 f5 18. f3 Nf8 19. c4 dxe4 20. fxe4 Be6 21. Bd3 Qd7 22. Rab1 Qc6 23. Bf6 Nd7 24. Bc3 Ne5 25. Nf3 Qc7 26. Nxe5 dxe5 27. Qf6 Nh5 28. Qxe5 Qxe5 29. Bxe5 fxe4 30. Bxe4 Bxc4 31. Bxb7 Bxf1 32. Bxa8 Rxa8 33. Kxf1 Re8 34. Bd6 c4 35. Rb6 Nf6 36. Rxa6 Ne4 37. Bf4 Rf8 38. g3 g5 39. Rc6 gxf4 40. gxf4 Rxf4+ 41. Kg2 Rf2+ 42. Kh3 Rxc2 43. a6 Ra2 44. Rxc4 Ng5+ 45. Kg4 Ne6 46. Rc6 Kf7 47. h4 Ra4+ 48. Kf5 Ra5+ 49. Ke4 h5 50. Rb6 Ra4+ 51. Ke5 Ra5+ 52. Ke4 Nc5+ 53. Kf3 Nxa6 54. Rh6 Kg7 55. Rc6 Nc5 56. Kg3 Ne4+ 57. Kf4 Nf6 58. Kf3 Ra4 59. Kg3 Rg4+ 60. Kh3 Nd5 61. Rc5 Nf4+ 62. Kh2 Rxh4+ 63. Kg3 Rg4+ 64. Kf3 Kg6 65. Rc6+ Kf5 66. Rc5+ Kg6 67. Rc6+ Kg5 68. Rc5+ Kh4 69. Rc4 Nh3 70. Rc5 Rf4+ 71. Kg2 Rf2+ 72. Kh1 Ra2 73. Rxh5+ Kg4 74. Rh8 Ng5 75. Rg8 Kf4 76. Kg1 Ne4 77. Kf1 Ng3+ 78. Ke1 Nf5 79. Kd1 Ne3+ 80. Kc1 Ke4 81. Rd8 Nd5 82. Kb1 Nc3+ 83. Kc1 Nb5 84. Rb8 Nd4 85. Rb4 Rh2 86. Kd1 Kd3 87. Ke1 Nc2+ 88. Kf1 Nxb4 0-1


[Site "https://www.chess.com"]

[Event "Titled Tuesday Blitz May 03 Early 2022"]
[White "Horobetz, Graham"]
[Black "Kollars, Dmitrij"]
[WhiteFideId "2047322"]
[BlackFideId "12909572"]
[WhiteElo "2641"]
[BlackElo "2584"]
[Result "1/2-1/2"]
[Round "02"]
[TimeControl "180+1"]
[Date "2022.05.03"]
[WhiteClock "0:01:19"]
[BlackClock "0:00:47"]

1. e4 c6 2. d4 d5 3. Nc3 dxe4 4. Nxe4 Nf6 5. Nxf6+ exf6 6. c3 Bd6 7. Bd3 O-O 8. Qc2 Re8+ 9. Ne2 h5 10. O-O h4 11. Bf4 h3 12. g3 Na6 13. Rfe1 Nc7 14. Bxd6 Qxd6 15. Nf4 Bg4 16. Bf5 Bf3 17. Bxh3 Nd5 18. Nxd5 Qxd5 19. Qf5 a5 20. Qxd5 Bxd5 21. a3 a4 22. Bg2 Bc4 23. f4 g5 24. Kf2 Kg7 25. Rxe8 Rxe8 26. Re1 Rh8 27. Re7 Ba6 28. h3 gxf4 29. gxf4 Rh5 30. Rd7 Rb5 31. d5 Rxb2+ 32. Kg1 Rb1+ 33. Kf2 Rb2+ 34. Kg1 Rb1+ 35. Kf2 Rb2+ 1/2-1/2


[Site "https://www.chess.com"]

[Event "Titled Tuesday Blitz May 03 Early 2022"]
[White "Ismagambetov, Anuar"]
[Black "Sirosh, Ilja"]
[WhiteFideId "13701525"]
[BlackFideId "4500458"]
[WhiteElo "2487"]
[BlackElo "2241"]
[Result "1/2-1/2"]
[Round "02"]
[TimeControl "180+1"]
[Date "2022.05.03"]
[WhiteClock "0:00:13"]
[BlackClock "0:00:05"]

1. e4 c5 2. Nf3 d6 3. d4 cxd4 4. Nxd4 Nf6 5. Nc3 a6 6. Bg5 Nbd7 7. f4 Qc7 8. Qf3 h6 9. Bxf6 Nxf6 10. f5 Qc5 11. O-O-O g5 12. fxg6 Bg4 13. gxf7+ Kxf7 14. Qd3 Bxd1 15. Nxd1 Bg7 16. Be2 e6 17. Rf1 Rhe8 18. Nb3 Qe5 19. h4 Kg8 20. Nc3 b5 21. a3 d5 22. exd5 Nxd5 23. Bf3 Rad8 24. Bxd5 exd5 25. Kb1 d4 26. Nd1 Qe2 27. Nc5 Qxd3 28. cxd3 Re2 29. g3 Rc8 30. b4 a5 31. Rf2 Rxf2 32. Nxf2 axb4 33. axb4 Bf8 34. Nfe4 Bxc5 35. bxc5 Kf8 36. Kc2 Ke7 37. Kb3 Kd7 38. Kb4 Kc6 39. g4 Ra8 40. g5 hxg5 41. hxg5 Ra1 42. Nf6 Rb1+ 43. Ka3 Kxc5 44. Ne4+ Kc6 45. Nd2 Rg1 46. Nf3 Rg3 47. Nxd4+ Kc5 48. Nb3+ Kb6 49. d4 Rxg5 50. Kb4 Rg4 51. Kc3 Rg1 52. Kd3 Rd1+ 53. Kc3 Kc6 54. Kb4 Rb1 55. Kc3 Kd5 56. Kb4 Rb2 57. Kc3 Rb1 58. Kb4 Ke4 59. Kc3 Rxb3+ 60. Kxb3 Kxd4 61. Kb4 Kd3 62. Kxb5 1/2-1/2


[Site "https://www.chess.com"]

[Event "Titled Tuesday Blitz May 03 Early 2022"]
[White "Ismayil, Malak"]
[Black "Gottstein, Claudius-Thomas"]
[WhiteFideId "13412604"]
[BlackFideId "4653327"]
[WhiteElo "1879"]
[BlackElo "2109"]
[Result "1/2-1/2"]
[Round "02"]
[TimeControl "180+1"]
[Date "2022.05.03"]
[WhiteClock "0:00:26"]
[BlackClock "0:00:20"]

1. e4 c6 2. d4 d5 3. e5 c5 4. c3 Nc6 5. Nf3 Bg4 6. Be3 cxd4 7. cxd4 e6 8. Nc3 Qb6 9. Qd2 Bxf3 10. gxf3 Nge7 11. O-O-O Rc8 12. Kb1 Nf5 13. Bh3 Nxe3 14. fxe3 Bb4 15. Rc1 Na5 16. Bf1 Nc4 17. Bxc4 Rxc4 18. Qd3 O-O 19. Ne2 Rfc8 20. h4 Rxc1+ 21. Rxc1 Rxc1+ 22. Nxc1 h5 23. Qd1 g6 24. Nd3 Be7 25. Qe1 Qb5 26. Nf4 a5 27. e4 dxe4 28. fxe4 Qb4 29. Qe3 Bxh4 30. d5 exd5 31. Nxd5 Qc4 32. Qf3 Qd4 33. a3 a4 34. Qf4 Qd1+ 35. Ka2 Qb3+ 36. Kb1 Qd1+ 37. Ka2 Qb3+ 38. Kb1 Qd1+ 1/2-1/2


[Site "https://www.chess.com"]

[Event "Titled Tuesday Blitz May 03 Early 2022"]
[White "Itkis, Boris"]
[Black "Martinovici, Ilia"]
[WhiteFideId "1209167"]
[BlackFideId "13907034"]
[WhiteElo "2207"]
[BlackElo "2282"]
[Result "0-1"]
[Round "02"]
[TimeControl "180+1"]
[Date "2022.05.03"]
[WhiteClock "0:00:16"]
[BlackClock "0:00:28"]

1. Nf3 d5 2. e3 c5 3. b3 Nc6 4. Bb2 Bg4 5. Be2 Bxf3 6. Bxf3 e5 7. O-O Nf6 8. d3 Be7 9. Nd2 O-O 10. g3 Ne8 11. Bg2 f5 12. e4 fxe4 13. dxe4 d4 14. a4 Nd6 15. Qe2 Qd7 16. Nc4 Qe6 17. Nxd6 Bxd6 18. Rad1 Rac8 19. Bc1 Nb4 20. f4 c4 21. fxe5 Bxe5 22. Bf4 d3 23. cxd3 cxd3 24. Qh5 Bd4+ 25. Kh1 Qxb3 26. Rb1 Qxa4 27. Bd6 Rxf1+ 28. Rxf1 g6 29. Qh3 Re8 30. e5 d2 31. Bxb4 d1=Q 32. Rxd1 Qxd1+ 33. Bf1 Qf3+ 34. Bg2 Qf2 0-1


[Site "https://www.chess.com"]

[Event "Titled Tuesday Blitz May 03 Early 2022"]
[White "Jain, Naveen"]
[Black "Iljin, Timofey"]
[WhiteFideId "5003970"]
[BlackFideId "14110180"]
[WhiteElo "2036"]
[BlackElo "2396"]
[Result "0-1"]
[Round "02"]
[TimeControl "180+1"]
[Date "2022.05.03"]
[WhiteClock "0:00:01"]
[BlackClock "0:00:43"]

1. c4 e6 2. g3 d5 3. Bg2 d4 4. d3 Nc6 5. Nf3 Nf6 6. O-O e5 7. a3 a5 8. Bg5 Be7 9. Nbd2 O-O 10. Rb1 a4 11. Qc2 Bf5 12. Nh4 Bg4 13. Rfe1 h6 14. Bxf6 Bxf6 15. h3 Be6 16. Nhf3 Re8 17. Ne4 Be7 18. b4 axb3 19. Rxb3 f5 20. Ned2 b6 21. e3 dxe3 22. fxe3 Rxa3 23. Rxa3 Bxa3 24. Qa4 Qd6 25. Nh4 Bd7 26. Nxf5 Qc5 27. Nb3 Qb4 28. Qxb4 Nxb4 29. Be4 Ba4 30. Nd2 Bc2 31. Ra1 Bb2 32. Ra7 Bc1 33. Rxc7 Bxd2 34. Rxg7+ Kf8 35. Rh7 Re6 36. Rh8+ Kf7 37. Nxh6+ Kg7 38. Rh7+ Kf8 39. Rf7+ Ke8 40. Kf2 Bxe3+ 41. Kxe3 Rxh6 42. Rb7 Rd6 0-1


[Site "https://www.chess.com"]

[Event "Titled Tuesday Blitz May 03 Early 2022"]
[White "Jakubiec, Artur"]
[Black "Todorovic, Bojan"]
[WhiteFideId "1103261"]
[BlackFideId "917087"]
[WhiteElo "2473"]
[BlackElo "2266"]
[Result "1-0"]
[Round "02"]
[TimeControl "180+1"]
[Date "2022.05.03"]
[WhiteClock "0:00:16"]
[BlackClock "0:00:01"]

1. f4 d5 2. Nf3 Nc6 3. d4 Bg4 4. e3 e6 5. Be2 Nh6 6. O-O Nf5 7. h3 Bxf3 8. Bxf3 Ng3 9. Re1 f5 10. c4 Bb4 11. Nc3 Bxc3 12. bxc3 Ne4 13. cxd5 exd5 14. c4 O-O 15. Ba3 Rf6 16. Qc2 h6 17. Rab1 Rb8 18. Rb5 dxc4 19. Bxe4 fxe4 20. Qxc4+ Kh8 21. Rc1 a6 22. Rbb1 Qd7 23. d5 Ne7 24. Rd1 Nf5 25. Qc3 Rg6 26. Kh2 Nh4 27. Rd2 Re8 28. Rc1 Qf5 29. Bb2 Qh5 30. Re2 Nf3+ 31. gxf3 exf3 32. Rf2 Qh4 33. Qe1 Qg3+ 34. Kh1 Qxh3+ 35. Rh2 Qg4 36. Qf2 Re4 37. Rg1 Qf5 38. Rxg6 Qxg6 39. Rh3 Rb4 40. Rg3 Qh5+ 41. Kg1 1-0


[Site "https://www.chess.com"]

[Event "Titled Tuesday Blitz May 03 Early 2022"]
[White "Jaracz, Pawel"]
[Black "Jobava, Baadur"]
[WhiteFideId "1102222"]
[BlackFideId "13601520"]
[WhiteElo "2429"]
[BlackElo "2617"]
[Result "0-1"]
[Round "02"]
[TimeControl "180+1"]
[Date "2022.05.03"]
[WhiteClock "0:00:09"]
[BlackClock "0:00:56"]

1. e4 e6 2. d4 d5 3. Nd2 dxe4 4. Nxe4 Bd7 5. Nf3 Bc6 6. Bd3 Nd7 7. O-O Ngf6 8. Ng3 g6 9. Qe2 Bg7 10. Rd1 O-O 11. Ne5 Nxe5 12. dxe5 Nd7 13. Bf4 Qh4 14. Qe3 h6 15. Be4 g5 16. Bxg5 hxg5 17. Bxc6 Nxe5 18. Bf3 Rad8 19. c3 b6 20. Ne4 Qf4 21. Nxg5 Qxe3 22. fxe3 Bh6 23. h4 Kg7 24. Kf2 Bxg5 25. hxg5 Nd3+ 26. Ke2 Nxb2 27. Rd4 c5 28. Rh4 Rh8 29. Rf4 b5 30. Bc6 Nd3 31. Bxb5 Nxf4+ 32. exf4 Rd6 33. Ke3 Rb8 34. a4 a6 35. Be2 Rb2 36. Ra3 a5 37. Bf3 Rdb6 38. Ke4 R6b3 39. Ra1 Rxc3 40. Rd1 Rb4+ 41. Ke5 Re3+ 42. Kd6 Rd4+ 0-1


[Site "https://www.chess.com"]

[Event "Titled Tuesday Blitz May 03 Early 2022"]
[White "Jaskolka, Tomasz"]
[Black "Aung Thant Zin"]
[WhiteFideId "1170791"]
[BlackFideId "13000063"]
[WhiteElo "2073"]
[BlackElo "2278"]
[Result "1-0"]
[Round "02"]
[TimeControl "180+1"]
[Date "2022.05.03"]
[WhiteClock "0:00:20"]
[BlackClock "0:00:24"]

1. d4 Nf6 2. Bf4 d5 3. e3 e6 4. c3 Bd6 5. Bg3 Nbd7 6. Nf3 Qe7 7. Ne5 Ne4 8. f4 Nxg3 9. hxg3 g6 10. Bd3 Nf8 11. Nd2 Bd7 12. c4 c6 13. c5 Bc7 14. Ndf3 O-O-O 15. Qa4 f6 16. Nxd7 Rxd7 17. Qxa7 Bb8 18. Qa8 Rd8 19. O-O-O Nd7 20. Ba6 Nxc5 21. dxc5 Qxc5+ 22. Kb1 Qb6 23. Bd3 Qxe3 24. Rhe1 Qb6 25. Rxe6 Rhe8 26. Rde1 Rxe6 27. Rxe6 f5 28. Re7 Qb4 29. Rxb7 1-0


[Site "https://www.chess.com"]

[Event "Titled Tuesday Blitz May 03 Early 2022"]
[White "Jian, Alex"]
[Black "Shyaamnikhil P"]
[WhiteFideId "30901022"]
[BlackFideId "5024218"]
[WhiteElo "2111"]
[BlackElo "2329"]
[Result "0-1"]
[Round "02"]
[TimeControl "180+1"]
[Date "2022.05.03"]
[WhiteClock "0:00:56"]
[BlackClock "0:01:52"]

1. Nf3 Nf6 2. b3 d6 3. d4 g6 4. Bb2 Bg7 5. e3 O-O 6. Nbd2 Nbd7 7. Be2 e5 8. dxe5 Ng4 9. Nc4 Ngxe5 10. Nfxe5 Nxe5 11. Nxe5 dxe5 12. O-O Qg5 13. Kh1 Rd8 14. Qe1 Bd7 15. Bf3 e4 16. Bxg7 exf3 17. gxf3 Bc6 18. e4 Kxg7 19. Qc3+ Qf6 20. Qe3 Qd4 21. Qf4 Rd6 22. Kg2 Rf6 23. Qg3 Rxf3 0-1


[Site "https://www.chess.com"]

[Event "Titled Tuesday Blitz May 03 Early 2022"]
[White "Jumabayev, Rinat"]
[Black "Jakubowski, Krzysztof"]
[WhiteFideId "13702661"]
[BlackFideId "1112848"]
[WhiteElo "2561"]
[BlackElo "2365"]
[Result "1-0"]
[Round "02"]
[TimeControl "180+1"]
[Date "2022.05.03"]
[WhiteClock "0:00:47"]
[BlackClock "0:00:31"]

1. d4 d5 2. c4 e6 3. Nf3 Nf6 4. Nc3 Nbd7 5. Bf4 dxc4 6. e3 Nd5 7. Bxc4 Nxf4 8. exf4 Nb6 9. Bb3 g6 10. h4 Bg7 11. h5 Bd7 12. h6 Bf6 13. Qd3 Qe7 14. g4 Rf8 15. O-O-O O-O-O 16. Ne4 Bc6 17. Rhe1 Nd5 18. Qd2 Kb8 19. Kb1 a6 20. a3 b6 21. Neg5 Bxg5 22. Nxg5 Bb7 23. f5 gxf5 24. gxf5 Qf6 25. Nxh7 Qxf5+ 26. Bc2 Qf3 27. Nxf8 Rxf8 28. h7 Ka7 29. Rg1 Ne7 30. Qh6 Rh8 31. Qg7 Be4 32. Qxh8 Bxc2+ 33. Kxc2 Qf5+ 34. Kc1 1-0


[Site "https://www.chess.com"]

[Event "Titled Tuesday Blitz May 03 Early 2022"]
[White "Kadam, Om Manish"]
[Black "Nayak, Rajesh"]
[WhiteFideId "45076294"]
[BlackFideId "35017152"]
[WhiteElo "1729"]
[BlackElo "1998"]
[Result "0-1"]
[Round "02"]
[TimeControl "180+1"]
[Date "2022.05.03"]
[WhiteClock "0:02:12"]
[BlackClock "0:02:29"]

1. d4 Nf6 2. c4 g6 3. Nc3 Bg7 4. e4 d6 5. Nf3 O-O 6. Be2 e5 7. O-O Nc6 8. d5 Ne7 9. Be3 Nd7 10. Nd2 f5 11. f3 f4 12. Bf2 g5 13. b4 Rf6 14. c5 Rh6 15. Rc1 a6 16. Na4 Qe8 17. Nc4 Qh5 18. h3 Nxc5 19. bxc5 Bxh3 20. g4 Bxg4 0-1


[Site "https://www.chess.com"]

[Event "Titled Tuesday Blitz May 03 Early 2022"]
[White "Kaminski, Victor"]
[Black "Aldokhin, Ivan"]
[WhiteFideId "1131630"]
[BlackFideId "24115720"]
[WhiteElo "2181"]
[BlackElo "2231"]
[Result "0-1"]
[Round "02"]
[TimeControl "180+1"]
[Date "2022.05.03"]
[WhiteClock "0:01:48"]
[BlackClock "0:01:33"]

1. e4 c5 2. Nf3 e6 3. d4 cxd4 4. Nxd4 a6 5. c3 Qc7 6. Bd3 Nf6 7. O-O Nc6 8. h3 Bc5 9. Nb3 Ba7 10. Qe2 O-O 11. Bg5 Ne5 12. Bc2 d6 13. N1d2 Bd7 14. Kh1 Bb5 15. c4 Nxc4 16. Bxf6 gxf6 17. Qg4+ Kh8 18. Rfc1 Ne5 19. Qh4 Qe7 20. f4 Ng6 21. Qh6 Be3 22. g3 Rac8 23. a4 Bc4 24. Re1 Bxb3 25. Nxb3 Rxc2 26. Rxe3 Qc7 27. f5 exf5 28. exf5 Qc6+ 0-1


[Site "https://www.chess.com"]

[Event "Titled Tuesday Blitz May 03 Early 2022"]
[White "Kamsky, Gata"]
[Black "Vovk, Orest"]
[WhiteFideId "2000024"]
[BlackFideId "14113490"]
[WhiteElo "2645"]
[BlackElo "2203"]
[Result "1-0"]
[Round "02"]
[TimeControl "180+1"]
[Date "2022.05.03"]
[WhiteClock "0:00:15"]
[BlackClock "0:00:08"]

1. d4 e5 2. dxe5 Nc6 3. Nf3 Qe7 4. g3 Nxe5 5. Nxe5 Qxe5 6. Bg2 Nf6 7. O-O c6 8. e4 Bc5 9. Nd2 O-O 10. Nb3 Bb6 11. Bf4 Qh5 12. Qxh5 Nxh5 13. Bd6 Re8 14. e5 g6 15. Kh1 Ng7 16. Bh3 Ne6 17. f4 Nd4 18. Nxd4 Bxd4 19. c3 Bb6 20. f5 Bd8 21. fxg6 hxg6 22. Rf2 Be7 23. Raf1 Bxd6 24. exd6 Rf8 25. Re1 a5 26. Re7 Ra6 27. Bxd7 Bxd7 28. Rxd7 c5 29. Rd2 Kg7 30. Rxb7 Rd8 31. d7 Kf6 32. Kg2 Ke7 33. Rc7 a4 34. Rxc5 Rxd7 35. Rxd7+ Kxd7 36. Rd5+ Ke6 37. Rd4 f5 38. Kf3 g5 39. h4 gxh4 40. Rxh4 Ke5 41. Rb4 Ra5 42. c4 Kd4 43. Kf4 Kd3 44. Rb5 Ra8 45. b3 a3 46. Rxf5 Kc2 47. Ke4 Re8+ 48. Kd4 Re2 49. c5 Kb2 50. c6 Kxa2 51. c7 Re8 52. Kc3 Re3+ 53. Kb4 Re4+ 54. Kb5 Re8 55. Ka4 Ra8+ 56. Kb4 Kb1 57. Rf1+ Kb2 58. Rf2+ Kb1 59. c8=Q Rxc8 60. Kxa3 Rg8 61. Rg2 Ra8+ 62. Kb4 Rb8+ 63. Kc4 Rc8+ 64. Kd5 Rb8 65. g4 Rxb3 66. g5 Rb2 67. Rxb2+ Kxb2 68. g6 Kc3 69. g7 1-0


[Site "https://www.chess.com"]